TOP OF THE 1ST |
Colorado Commanders batting - Pitching for Seattle Rainiers : LHP Nelson Béltre
|
Pitching: LHP Nelson Béltre
|
|
Batting: SHB Pancho Vásquez
|
0-0: Ball 1-0: Swinging Strike 1-1: Foul Ball, location: 2F 1-2: Foul Ball, location: 2F 1-2: Foul Ball, location: 2F 1-2: Fly out, F9 (Flyball, 89S)
|
Batting: RHB John Riley
|
0-0: Foul Ball, location: 2F 0-1: Ball 1-1: Ball 2-1: Ball 3-1: Foul Ball, location: 2F 3-2: Strikes out swinging
|
Batting: RHB Mike Martin
|
0-0: Fly out, F8 (Flyball, 8LD)
|
Top of the 1st over - 0 run(s), 0 hit(s), 0 error(s), 0 left on base; Colorado 0 - Seattle 0 |
BOTTOM OF THE 1ST |
Seattle Rainiers batting - Pitching for Colorado Commanders : RHP Ramiro Trujillo
|
Pitching: RHP Ramiro Trujillo
|
|
Batting: RHB Enrique Mendoza
|
0-0: Bunted foul 0-1: Ball 1-1: Swinging Strike 1-2: Ball 2-2: Fly out, F8 (Flyball, 8RXD)
|
Batting: RHB Alfredo Farías
|
0-0: Ball 1-0: Called Strike 1-1: Fly out, F8 (Line Drive, 8RS)
|
Batting: RHB Robert Marks
|
0-0: Fly out, F2 (Popup, 2RF)
|
Bottom of the 1st over - 0 run(s), 0 hit(s), 0 error(s), 0 left on base; Colorado 0 - Seattle 0 |
TOP OF THE 2ND |
Colorado Commanders batting - Pitching for Seattle Rainiers : LHP Nelson Béltre
|
Batting: SHB Theodore Cook
|
0-0: Called Strike 0-1: Ball 1-1: Foul Ball, location: 2F 1-2: Ball 2-2: Foul Ball, location: 2F 2-2: Foul Ball, location: 2F 2-2: Foul Ball, location: 2F 2-2: Strikes out looking
|
Batting: RHB Gerald Johnson
|
0-0: Swinging Strike 0-1: Called Strike 0-2: Ball 1-2: Strikes out swinging
|
Batting: RHB Alberto Soto
|
0-0: Called Strike 0-1: Foul Ball, location: 2F 0-2: Strikes out swinging
|
Top of the 2nd over - 0 run(s), 0 hit(s), 0 error(s), 0 left on base; Colorado 0 - Seattle 0 |
BOTTOM OF THE 2ND |
Seattle Rainiers batting - Pitching for Colorado Commanders : RHP Ramiro Trujillo
|
Batting: LHB Alan Moore
|
0-0: Ball 1-0: Ball 2-0: Foul Ball, location: 2F 2-1: Ball 3-1: SINGLE (Groundball, 6D)
|
Batting: RHB Tony Hernández
|
0-0: Fielders Choice at 2nd, 6-4 (Groundball, 6M)
|
Batting: RHB Jeremiah Soto
|
0-0: Ball 1-0: Ball 2-0: Fielders Choice at 2nd, 5-4 (Groundball, 5L)
|
Batting: RHB José Romo
|
0-0: SINGLE (Flyball, 7S) Jeremiah Soto to second
|
Batting: RHB Jorge Colón
|
0-0: Called Strike 0-1: Swinging Strike 0-2: Ball 1-2: Ball 2-2: Ball 3-2: Strikes out looking
|
Bottom of the 2nd over - 0 run(s), 2 hit(s), 0 error(s), 2 left on base; Colorado 0 - Seattle 0 |
TOP OF THE 3RD |
Colorado Commanders batting - Pitching for Seattle Rainiers : LHP Nelson Béltre
|
Batting: RHB Samuel Pasolini
|
0-0: Ball 1-0: Foul Ball, location: 2F 1-1: Called Strike 1-2: Strikes out swinging
|
Batting: RHB Kyle Vélez
|
0-0: Ball 1-0: Ball 2-0: Called Strike 2-1: Called Strike 2-2: Reached on error, E5 (Groundball, 56)
|
Batting: LHB Javier Martínez
|
0-0: Ball 1-0: Called Strike 1-1: Called Strike 1-2: Strikes out looking
|
Batting: SHB Pancho Vásquez
|
0-0: Ball 1-0: Foul Ball, location: 2F 1-1: Ball 2-1: Fly out, F8 (Flyball, 8RM)
|
Top of the 3rd over - 0 run(s), 0 hit(s), 1 error(s), 1 left on base; Colorado 0 - Seattle 0 |
BOTTOM OF THE 3RD |
Seattle Rainiers batting - Pitching for Colorado Commanders : RHP Ramiro Trujillo
|
Batting: RHB Bill Dawson
|
0-0: Ball 1-0: Ball 2-0: Called Strike 2-1: Ball 3-1: Foul Ball, location: 2F 3-2: SINGLE (Groundball, 34D)
|
Batting: RHB Enrique Mendoza
|
0-0: Swinging Strike 0-1: Called Strike 0-2: Strikes out swinging
|
Batting: RHB Alfredo Farías
|
0-0: Called Strike Bill Dawson is caught stealing 2nd base 0-1: Swinging Strike 0-2: Strikes out swinging
|
Bottom of the 3rd over - 0 run(s), 1 hit(s), 0 error(s), 0 left on base; Colorado 0 - Seattle 0 |
TOP OF THE 4TH |
Colorado Commanders batting - Pitching for Seattle Rainiers : LHP Nelson Béltre
|
Batting: RHB John Riley
|
0-0: Swinging Strike 0-1: Called Strike 0-2: Foul Ball, location: 2F 0-2: Strikes out swinging
|
Batting: RHB Mike Martin
|
0-0: Foul Ball, location: 2F 0-1: Foul Ball, location: 2F 0-2: Ball 1-2: Ball 2-2: Ground out 5-3 (Groundball, 5S)
|
Batting: SHB Theodore Cook
|
0-0: Called Strike 0-1: Called Strike 0-2: Ball 1-2: Ball 2-2: Strikes out swinging
|
Top of the 4th over - 0 run(s), 0 hit(s), 0 error(s), 0 left on base; Colorado 0 - Seattle 0 |
BOTTOM OF THE 4TH |
Seattle Rainiers batting - Pitching for Colorado Commanders : RHP Ramiro Trujillo
|
Batting: RHB Robert Marks
|
0-0: Called Strike 0-1: Ball 1-1: Swinging Strike 1-2: SINGLE (Line Drive, 6M)
|
Batting: LHB Alan Moore
|
0-0: Ball 1-0: Foul Ball, location: 2F 1-1: Grounds into double play, 4-6-3 (Groundball, 4)
|
Batting: RHB Tony Hernández
|
0-0: Ball 1-0: Ball 2-0: Ball 3-0: Base on Balls
|
Batting: RHB Jeremiah Soto
|
0-0: Fly out, F9 (Flyball, 9LS)
|
Bottom of the 4th over - 0 run(s), 1 hit(s), 0 error(s), 1 left on base; Colorado 0 - Seattle 0 |
TOP OF THE 5TH |
Colorado Commanders batting - Pitching for Seattle Rainiers : LHP Nelson Béltre
|
Batting: RHB Gerald Johnson
|
0-0: Fly out, F7 (Flyball, 7M)
|
Batting: RHB Alberto Soto
|
0-0: Fly out, F8 (Flyball, 8LM)
|
Batting: RHB Samuel Pasolini
|
0-0: Foul Ball, location: 2F 0-1: Foul Ball, location: 2F 0-2: Strikes out swinging
|
Top of the 5th over - 0 run(s), 0 hit(s), 0 error(s), 0 left on base; Colorado 0 - Seattle 0 |
BOTTOM OF THE 5TH |
Seattle Rainiers batting - Pitching for Colorado Commanders : RHP Ramiro Trujillo
|
Batting: RHB José Romo
|
0-0: Called Strike 0-1: Ball 1-1: SINGLE (Line Drive, 7S)
|
Batting: RHB Jorge Colón
|
0-0: Ball 1-0: Ball 2-0: Called Strike 2-1: Grounds into double play, 1-6-3 (Groundball, 23)
|
Batting: RHB Bill Dawson
|
0-0: Ground out 4-3 (Groundball, 4M)
|
Bottom of the 5th over - 0 run(s), 1 hit(s), 0 error(s), 0 left on base; Colorado 0 - Seattle 0 |
TOP OF THE 6TH |
Colorado Commanders batting - Pitching for Seattle Rainiers : LHP Nelson Béltre
|
Batting: RHB Kyle Vélez
|
0-0: Called Strike 0-1: Ball 1-1: Called Strike 1-2: Ball 2-2: Foul Ball, location: 2F 2-2: Ball 3-2: DOUBLE (Flyball, 7M)
|
Batting: LHB Javier Martínez
|
0-0: Swinging Strike 0-1: 2-RUN HOME RUN (Flyball, 9D), Distance : 377 ft
|
Batting: SHB Pancho Vásquez
|
0-0: Called Strike 0-1: Swinging Strike 0-2: Ball 1-2: Strikes out swinging
|
Batting: RHB John Riley
|
0-0: Ball 1-0: Ball 2-0: Called Strike 2-1: Ball 3-1: Base on Balls
|
Batting: RHB Mike Martin
|
0-0: Ball 1-0: 2-RUN HOME RUN (Flyball, 78XD), Distance : 433 ft
|
Batting: SHB Theodore Cook
|
0-0: Ball 1-0: Swinging Strike 1-1: Foul Ball, location: 2F 1-2: Ground out 5-3 (Groundball, 56)
|
Batting: RHB Gerald Johnson
|
0-0: Foul Ball, location: 2F 0-1: Ball 1-1: Ball 2-1: Ground out 6-3 (Groundball, 6)
|
Top of the 6th over - 4 run(s), 3 hit(s), 0 error(s), 0 left on base; Colorado 4 - Seattle 0 |
BOTTOM OF THE 6TH |
Seattle Rainiers batting - Pitching for Colorado Commanders : RHP Ramiro Trujillo
|
Batting: RHB Enrique Mendoza
|
0-0: Ball 1-0: Foul Ball, location: 2F 1-1: SINGLE (Line Drive, 78M)
|
Batting: RHB Alfredo Farías
|
0-0: Ball 1-0: Ball 2-0: Swinging Strike 2-1: Swinging Strike 2-2: Strikes out swinging
|
Batting: RHB Robert Marks
|
0-0: Called Strike 0-1: Foul Ball, location: 2F 0-2: Foul Ball, location: 2F 0-2: Foul Ball, location: 2F 0-2: Fly out, F8 (Flyball, 8RXD)
|
Batting: LHB Alan Moore
|
0-0: Ball Enrique Mendoza is caught stealing 2nd base
|
Bottom of the 6th over - 0 run(s), 1 hit(s), 0 error(s), 0 left on base; Colorado 4 - Seattle 0 |
TOP OF THE 7TH |
Colorado Commanders batting - Pitching for Seattle Rainiers : LHP Nelson Béltre
|
Pitching: RHP Dani Vásquez
|
|
Batting: RHB Alberto Soto
|
0-0: Ball 1-0: Ball 2-0: Ball 3-0: Foul Ball, location: 2F 3-1: Foul Ball, location: 2F 3-2: Strikes out swinging
|
Batting: RHB Samuel Pasolini
|
0-0: Ball 1-0: Foul Ball, location: 2F 1-1: Swinging Strike 1-2: Ball 2-2: Strikes out looking
|
Batting: RHB Kyle Vélez
|
0-0: Ball 1-0: Ball 2-0: Ball 3-0: Called Strike 3-1: Foul Ball, location: 2F 3-2: Strikes out looking
|
Top of the 7th over - 0 run(s), 0 hit(s), 0 error(s), 0 left on base; Colorado 4 - Seattle 0 |
BOTTOM OF THE 7TH |
Seattle Rainiers batting - Pitching for Colorado Commanders : RHP Ramiro Trujillo
|
Batting: LHB Alan Moore
|
0-0: Fly out, F3 (Popup, 34S)
|
Batting: RHB Tony Hernández
|
0-0: Ball 1-0: Ball 2-0: Called Strike 2-1: Foul Ball, location: 2F 2-2: Ground out 6-3 (Groundball, 6)
|
Batting: RHB Jeremiah Soto
|
0-0: Swinging Strike 0-1: Ball 1-1: Called Strike 1-2: Strikes out looking
|
Bottom of the 7th over - 0 run(s), 0 hit(s), 0 error(s), 0 left on base; Colorado 4 - Seattle 0 |
TOP OF THE 8TH |
Colorado Commanders batting - Pitching for Seattle Rainiers : RHP Dani Vásquez
|
Batting: LHB Javier Martínez
|
0-0: Called Strike 0-1: Ball 1-1: Ball 2-1: SINGLE (Line Drive, 89S)
|
Batting: SHB Pancho Vásquez
|
0-0: Sac Bunt - play at second, runner OUT! 3-6
|
Batting: RHB John Riley
|
0-0: Ball 1-0: Ball 2-0: Ball 3-0: Base on Balls Pancho Vásquez to second
|
Batting: RHB Mike Martin
|
0-0: Ball 1-0: SINGLE (Groundball, 56D) Pancho Vásquez to third John Riley to second Runner from 3rd tries for Home, SAFE, no throw or cutoff
|
Batting: SHB Theodore Cook
|
0-0: Called Strike 0-1: Swinging Strike 0-2: Ball 1-2: Fly out, F4 (Popup, 4)
|
Batting: RHB Gerald Johnson
|
0-0: SINGLE (Line Drive, 6D) John Riley to third Mike Martin to second Runner from 3rd tries for Home, SAFE, throw made home
|
Batting: RHB Alberto Soto
|
0-0: Ball 1-0: Called Strike 1-1: Called Strike 1-2: Foul Ball, location: 2F 1-2: Strikes out swinging
|
Top of the 8th over - 2 run(s), 3 hit(s), 0 error(s), 2 left on base; Colorado 6 - Seattle 0 |
BOTTOM OF THE 8TH |
Seattle Rainiers batting - Pitching for Colorado Commanders : RHP Ramiro Trujillo
|
Batting: RHB José Romo
|
0-0: Called Strike 0-1: Swinging Strike 0-2: Strikes out swinging
|
Batting: RHB Jorge Colón
|
0-0: Bunt for hit - play at first, batter safe!
|
Pitching: RHP Sixto García
|
|
Batting: RHB Bill Dawson
|
0-0: Ball 1-0: Ball 2-0: Grounds into double play, 6-4-3 (Groundball, 6M)
|
Bottom of the 8th over - 0 run(s), 1 hit(s), 0 error(s), 0 left on base; Colorado 6 - Seattle 0 |
TOP OF THE 9TH |
Colorado Commanders batting - Pitching for Seattle Rainiers : RHP Dani Vásquez
|
Batting: RHB Samuel Pasolini
|
0-0: Ball 1-0: SINGLE (Line Drive, 9LS)
|
Batting: RHB Kyle Vélez
|
0-0: Ball 1-0: Bunted foul 1-1: Sac Bunt - play at first, batter OUT! 1-4 Samuel Pasolini to second
|
Batting: LHB Javier Martínez
|
0-0: Called Strike 0-1: Foul Ball, location: 2F 0-2: Strikes out looking
|
Batting: SHB Pancho Vásquez
|
0-0: Called Strike 0-1: Fly out, F6 (Line Drive, 6)
|
Top of the 9th over - 0 run(s), 1 hit(s), 0 error(s), 1 left on base; Colorado 6 - Seattle 0 |
BOTTOM OF THE 9TH |
Seattle Rainiers batting - Pitching for Colorado Commanders : RHP Sixto García
|
Batting: RHB Enrique Mendoza
|
0-0: SINGLE (Line Drive, 7LS)
|
Batting: RHB Alfredo Farías
|
0-0: SINGLE (Groundball, 6MD) Enrique Mendoza to second
|
Batting: RHB Robert Marks
|
0-0: Foul Ball, location: 2F 0-1: Ball 1-1: Foul Ball, location: 2F 1-2: Strikes out swinging
|
Batting: LHB Alan Moore
|
0-0: Ground out 4-3 (Groundball, 13) Enrique Mendoza to third Alfredo Farías to second
|
Batting: RHB Tony Hernández
|
0-0: Foul Ball, location: 2F 0-1: Ball 1-1: Foul Ball, location: 2F 1-2: Fly out, F6 (Popup, 6M)
|
Bottom of the 9th over - 0 run(s), 2 hit(s), 0 error(s), 2 left on base; Colorado 6 - Seattle 0 |
|